 Dungeon Crawl Stone Soup version 0.30.0-10-gfe55d96785 (webtiles) character file.

Game seed: 4052672751193377174

550 GigaChad the Chopper (level 7, -7/61 HPs)
             Began as a Minotaur Fighter on May 16, 2023.
             Was a Follower of Okawaru.
             Mangled by an orc priest
             ... wielding a +3 heavy war axe
              (11 damage)
             ... on level 5 of the Dungeon.
             The game lasted 00:04:19 (2731 turns).

GigaChad the Chopper (Minotaur Fighter)             Turns: 2731, Time: 00:04:19

Health: -7/61      AC: 14    Str: 26    XL:     7   Next: 7%
Magic:  6/6        EV:  9    Int:  5    God:    Okawaru [*.....]
Gold:   212        SH:  4    Dex:  9    Spells: 6/6 levels left

rFire   . . .        a - +0 war axe (flame)
rCold   . . .        c - +0 buckler
rNeg    . . .        f - +1 chain mail
rPois   .            (helmet restricted)
rElec   .            i - +2 cloak
rCorr   .            s - -1 pair of gloves "Xeubix" {Str+3}
SInv    +            (no boots)
Will    .....        (no amulet) Stlth
                     w - ring of see invisible
HPRegen 0.30/turn    (no ring)
MPRegen 0.10/turn

%: no passive effects
@: no status effects
A: horns 2, retaliatory headbutt
a: Renounce Religion, Heroism


You were on level 5 of the Dungeon.
You worshipped Okawaru.
Okawaru was aware of your devotion.
You visited 1 branch of the dungeon, and saw 5 of its levels.

You collected 212 gold pieces.

Inventory:

Hand Weapons
 a - a +0 war axe of flaming (weapon)
Missiles
 p - a throwing net (quivered)
Armour
 b - a +0 scale mail
 c - a +0 buckler (worn)
 f - a +1 chain mail (worn)
 i - a +2 cloak (worn)
 s - the -1 pair of gloves "Xeubix" (worn) {Str+3}
   (You acquired it on level 2 of the Dungeon)

   Str:       It affects your strength (+3).
Jewellery
 w - a ring of see invisible (left hand)
 y - an amulet of regeneration
 B - an amulet of guardian spirit
 D - a ring of willpower
Wands
 m - a wand of acid (17)
 v - a wand of paralysis (11)
 x - a wand of flame (16)
Scrolls
 g - a scroll of teleportation
 j - 3 scrolls of blinking
 n - 2 scrolls of fear
 o - a scroll of fog
 q - 2 scrolls of identify
Potions
 d - 2 potions of might
 e - 4 potions of curing
 h - a potion of berserk rage {unknown}
 k - a potion of invisibility {unknown}
 l - 5 potions of haste {unknown}
 r - a potion of lignification {unknown}
 t - a potion of heal wounds {unknown}
 u - 2 potions of degeneration {unknown}
 z - a potion of ambrosia {unknown}
 A - a potion of flight {unknown}


   Skills:
 + Level 5.3 Fighting
 + Level 6.4 Axes
 + Level 5.2 Armour
 + Level 1.6 Dodging
 + Level 0.5 Stealth
 + Level 4.6 Shields


You had 6 spell levels left.
You didn't know any spells.
Your spell library contained the following spells:

 Spells                   Type           Power      Damage    Failure   Level
 Ensorcelled Hibernation  Hex/Ice        0%         N/A       99%         2
 Spider Form              Tmut/Pois      0%         N/A       100%        3
 Anguish                  Hex/Necr       0%         N/A       100%        4


Dungeon Overview and Level Annotations

Branches:
Dungeon (5/15)
 Temple: D:4-7

Altars:
Okawaru

Annotations:
D:3 2 transporters, GigaChad's ghost, amateur FoFi


Innate Abilities, Weirdness & Mutations

You have a pair of horns on your head.
You reflexively headbutt those who attack you in melee.


Message History

The orc priest calls down the wrath of Beogh upon you.
Beogh smites you!
* * * LOW HITPOINT WARNING * * *
You have reached level 7!
You are too injured to fight recklessly!
Unknown command.
You are too injured to fight recklessly!
Unknown command.
You are too injured to fight recklessly!
Unknown command.
You slash the gnoll! You burn the gnoll.
You kill the gnoll!
Okawaru accepts your kill.
You closely miss the orc wizard. You closely miss the gnoll.
The orc priest calls down the wrath of Beogh upon you.
The orc wizard writhes in agony!
The orc wizard dies!
The gnoll barely misses you.
Unknown command.
You block the gnoll's attack.
You see here a +0 club.
Unknown command.
The gnoll closely misses you. You block the gnoll's attack.
You see here a +0 club.
You barely miss the gnoll.
The gnoll is moderately wounded.
You slash the orc priest! You burn the orc priest.
The orc priest hits you with a +3 heavy war axe.
* * * LOW HITPOINT WARNING * * *
The orc priest calls upon Beogh to heal the orc priest.
The orc priest is healed somewhat.
The gnoll hits you with a +0 flail.
* * * LOW HITPOINT WARNING * * *
An orc priest comes into view. It is wielding a +0 club.
Unknown command.
You barely miss the orc priest.
The orc priest is moderately wounded.
You hit the gnoll. You burn the gnoll. The gnoll barely misses you.
The orc priest hits you with a +3 heavy war axe!
You die... o

. .######
#######.....#
#.....#.o...#
#....)#)....#
#....@oo....#
#....g#.....#
##+####.....###+
#...............
#................
#................
#................#####
#.....................
#.....................


You could see 3 orc priests and a gnoll.

Vanquished Creatures
  A water moccasin (D:5)
  A scorpion (D:3)
  3 hounds (D:5)
  Jessica (D:3)
  Ijyb (D:3)
  Terence (D:3)
  An iguana (D:4)
  2 gnolls (D:5)
  10 adders
  2 dart slugs (D:2)
  8 orcs
  4 bats
  4 endoplasms
  3 giant cockroaches
  3 goblins (D:2)
  2 hobgoblins
  A quokka (D:1)
  A frilled lizard (D:3)
  7 kobolds
  8 rats
64 creatures vanquished.

Vanquished Creatures (others)
  An orc wizard (D:5)
1 creature vanquished.

Grand Total: 65 creatures vanquished

Notes
Turn   | Place    | Note
-------+----------+-------------------------------------------
     0 | D:1      | GigaChad the Minotaur Fighter began the quest for the Orb.
     0 | D:1      | Reached XP level 1. HP: 19/19 MP: 0/0
   464 | D:1      | Reached XP level 2. HP: 26/27 MP: 1/1
   521 | D:2      | Found an iron altar of Okawaru.
   543 | D:2      | Became a worshipper of Warmaster Okawaru
   572 | D:2      | Reached skill level 3 in Axes
   572 | D:2      | Reached XP level 3. HP: 33/33 MP: 2/2
  1048 | D:2      | Reached XP level 4. HP: 37/40 MP: 3/3
  1190 | D:2      | Identified a scroll of acquirement
  1190 | D:2      | Acquired the -1 pair of gloves "Xeubix" {Str+3}
  1230 | D:3      | Found a faded altar of an unknown god.
  1245 | D:3      | Found a transporter.
  1256 | D:3      | Noticed Ijyb
  1258 | D:3      | Noticed a scorpion
  1263 | D:3      | Killed Ijyb
  1264 | D:3      | Killed a scorpion
  1265 | D:3      | Reached skill level 4 in Axes
  1265 | D:3      | Reached XP level 5. HP: 40/46 MP: 4/4
  1319 | D:3      | Noticed Terence
  1324 | D:3      | Killed Terence
  1325 | D:3      | Reached skill level 1 in Dodging
  1435 | D:3      | Noticed GigaChad's ghost (amateur FoFi)
  1444 | D:3      | Found a transporter.
  1595 | D:3      | Noticed Jessica
  1602 | D:3      | Killed Jessica
  2037 | D:4      | Reached * piety under Okawaru
  2038 | D:4      | Reached XP level 6. HP: 53/55 MP: 5/5
  2041 | D:4      | Reached skill level 5 in Axes
  2435 | D:5      | Entered Level 5 of the Dungeon
  2450 | D:5      | Reached skill level 5 in Armour
  2493 | D:5      | Noticed a water moccasin
  2500 | D:5      | Killed a water moccasin
  2501 | D:5      | Reached skill level 5 in Fighting
  2594 | D:5      | Reached skill level 6 in Axes
  2726 | D:5      | Reached XP level 7. HP: 7/61 MP: 6/6
  2731 | D:5      | Mangled by an orc priest

Illustrated notes

Levels and vault maps discovered:
D:1:      dpeg_arrival_leaves_temple_mockup, layout_basic
D:2:      minmay_wonky_spiral, layout_rooms, serial_rivers,
          chequers_serial_rivers_micro_c, chequers_serial_rivers_micro_e,
          chequers_serial_rivers_micro_a, chequers_serial_rivers_marsh,
          basic_altar, grunt_ministairs_8, minmay_tetromino_o2
D:3:      layout_basic, gammafunk_ghost_stat_death,
          chequers_ecumenical_altar_simple, uniq_terence, uniq_ijyb,
          uniq_jessica
D:4:      layout_rooms
D:5:      layout_gridville, gammafunk_temple_overflow_forgotten, kennysheep_nub,
          uniq_prince_ribbit1

Skill      XL: |  1  2  3  4  5  6 |
---------------+-------------------+-----
Armour         | 4 5 |  5.2
Fighting       | 4 5 |  5.3
Axes           | 3 4 6 |  6.4
Shields        | 4 |  4.6
Dodging        | 1 |  1.6
Stealth        | |  0.5

Action                     |  1- 3 |  4- 6 |  7- 9 || total
---------------------------+-------+-------+-------++-------
  Melee: War axe           |    42 |    87 |     3 ||   132
         Headbutt          |     5 |     8 |       ||    13
  Throw: Throwing net      |     1 |       |       ||     1
    Use: Scroll            |     2 |     9 |       ||    11
 Armour: Scale mail        |     6 |       |       ||     6
         Chain mail        |    14 |    59 |       ||    73
  Dodge: Dodged            |    17 |    34 |     3 ||    54
  Block: Buckler           |     6 |    15 |     2 ||    23
